 Dungeon Crawl Stone Soup version 0.30.0-10-gfe55d96785 (webtiles) character file.

Game seed: 13457038526519738227

8 CaptainMV the Conjurer (level 2, -1/19 HPs)
             Began as a Demonspawn Conjurer on May 15, 2023.
             Slain by a ball python (2 damage)
             ... on level 1 of the Dungeon.
             The game lasted 00:02:36 (189 turns).

CaptainMV the Conjurer (Demonspawn Conjurer)         Turns: 189, Time: 00:02:38

Health: -1/19      AC:  2    Str:  7    XL:     2   Next: 0%
Magic:  0/5        EV: 12    Int: 19    God:
Gold:   15         SH:  4    Dex: 11    Spells: 4/5 levels left

rFire   . . .        a - +0 dagger
rCold   . . .        (no shield)
rNeg    . . .        e - +0 robe
rPois   .            (no helmet)
rElec   .            (no cloak)
rCorr   .            (no gloves)
SInv    .            (no boots)
Will    .....        (no amulet)
Stlth   ++           (no ring)
HPRegen 0.23/turn    (no ring)
MPRegen 0.09/turn

%: no passive effects
@: lethally poisoned (-1 -> -3)
A: condensation shield
a: no special abilities


You were on level 1 of the Dungeon.
You visited 1 branch of the dungeon, and saw 1 of its levels.

You collected 15 gold pieces.

Inventory:

Hand Weapons
 a - a +0 dagger (weapon)
Armour
 e - a +0 robe (worn)
Potions
 b - a potion of magic
 d - 2 potions of curing


   Skills:
 + Level 1.7 Dodging
 + Level 1.9 Stealth
 + Level 2.2 Spellcasting
 + Level 4.2 Conjurations


You had 4 spell levels left.
You knew the following spells:

 Your Spells              Type           Power      Damage    Failure   Level
a - Magic Dart            Conj           72%        1d6       3%          1

Your spell library contained the following spells:

 Spells                   Type           Power      Damage    Failure   Level
 Searing Ray              Conj           36%        2d5       4%          2
 Dazzling Flash           Conj/Hex       20%        N/A       21%         3
 Fulminant Prism          Conj/Hex       5%         3d7       56%         4
 Iskenderun's Mystic Bla  Conj/Tloc      10%        2d4       56%         4
 Summon Forest            Summ/Tloc      1%         N/A       99%         5
 Eringya's Noxious Bog    Tmut/Pois      1%         N/A       100%        6
 Summon Hydra             Summ           1%         N/A       100%        7


Dungeon Overview and Level Annotations

Branches:
Dungeon (1/15)

Altars:


Innate Abilities, Weirdness & Mutations

A meltable shield of frost defends you. (SH +4)


Message History

A ball python comes into view.
Casting: Magic Dart (safe; 3% risk of failure)
Confirm with . or Enter, or press ? or * to list all spells.
Aiming: Magic Dart (safe; 3% risk of failure)
Press: ? - help, Shift-Dir - straight line, f/p - goblin
Aim: a goblin, wielding a +0 dagger of venom (severely wounded, 100% to hit)
The magic dart hits the goblin.
You kill the goblin!
The ball python hisses angrily.
You feel sick. The bat hits you.
A dart slug comes into view.
Casting: Magic Dart (safe; 3% risk of failure)
Confirm with . or Enter, or press ? or * to list all spells.
Aiming: Magic Dart (safe; 3% risk of failure)
Press: ? - help, Shift-Dir - straight line, f - bat
Aim: a bat (100% to hit)
The magic dart hits the bat.
You kill the bat!
You feel sick.
You have reached level 2!
Your demonic ancestry asserts itself...
Frost condenses into a shield before you.
You feel sick. The goblin hits you with a +0 club.
Things that are here:
a +0 dagger of venom; a goblin corpse
Casting: Magic Dart (safe; 3% risk of failure)
Confirm with . or Enter, or press ? or * to list all spells.
You don't have enough magic to cast this spell.
Unknown command.
You hit the goblin.
The goblin is heavily wounded.
You feel sick. The goblin barely misses you.
You miss the goblin.
The goblin is heavily wounded.
You feel sick. The goblin barely misses you.
The dart slug launches a dart at you. The slug dart hits you.
* * * LOW HITPOINT WARNING * * *
The ball python bites you.
You die...

#.# #.# #.# #.#
#.# #.#
###########.#
............#
##....@#.#.#
#...$Sg......
...$........###
.##......#..#
#.w........#
#..###..##.#
#.. .[.##.# ..
##.#


You could see a dart slug, a goblin and a ball python.

Vanquished Creatures
  A ball python (D:1)
  A bat (D:1)
  An endoplasm (D:1)
  A goblin (D:1)
  A hobgoblin (D:1)
  2 frilled lizards (D:1)
7 creatures vanquished.

Notes
Turn   | Place    | Note
-------+----------+-------------------------------------------
     0 | D:1      | CaptainMV the Demonspawn Conjurer began the quest for the
                  | Orb.
     0 | D:1      | Reached XP level 1. HP: 13/13 MP: 3/3
   187 | D:1      | Gained mutation: A meltable shield of frost defends you.
                  | (SH +4) [demonic ancestry]
   187 | D:1      | Reached XP level 2. HP: 8/19 MP: 0/5
   189 | D:1      | Slain by a ball python

Illustrated notes

Levels and vault maps discovered:
D:1:      lightli_arrival_flooded_house, layout_loops_ring,
          ebering_ecumenical_altar_sacrificial

Action                     || total
---------------------------++-------
  Melee: Unarmed           ||    17
         Dagger            ||     2
   Cast: Magic Dart        ||     8
    Use: Scroll            ||     2
 Armour: Robe              ||     2
  Dodge: Dodged            ||    21
